 Dungeon Crawl Stone Soup version 0.21.1-1-g345015f (webtiles) character file.

175 poirepourri the Magician (level 5, -10/31 HPs)
             Began as an Octopode Conjurer on July 19, 2018.
             Killed by nerve-wracking pain
             ... invoked by Grinder
              (12 damage)
             ... while paralysed by Grinder
             ... on level 3 of the Dungeon.
             The game lasted 00:04:26 (3579 turns).

poirepourri the Magician (Octopode Conjurer)        Turns: 3579, Time: 00:04:26

Health: -10/31     AC:  1    Str:  7    XL:     5   Next: 55%
Magic:  8/12       EV:  2    Int: 18    God:
Gold:   90         SH:  0    Dex: 13    Spells: 4/14 levels left

rFire    . . .     SeeInvis .   g - +1 short sword
rCold    . . .     Gourm    .   (no shield)
rNeg     . . .     Faith    .   (helmet restricted)
rPois    .         Spirit   .   (no amulet)
rElec    .         Reflect  .   (no ring)
rCorr    .         Harm     .   (no ring)
MR       .....                  (no ring)
Stlth    +++.......             (no ring)
HPRegen  0.10/turn              (no ring)
MPRegen  0.13/turn              (no ring)
                                (no ring)
                                (no ring)

@: paralysed
A: almost no armour, stealthy swim, amphibious, 8 rings, constrict 8, camouflage
1, gelatinous body 1
a: no special abilities


You were on level 3 of the Dungeon.
You were very hungry.

You visited 1 branch of the dungeon, and saw 3 of its levels.

You collected 90 gold pieces.

Inventory:

Hand Weapons
 g - a +1 short sword (weapon)
Missiles
 c - 2 tomahawks (quivered)
Armour
 j - a +0 shield
Wands
 i - a wand of random effects (27)
Scrolls
 d - 4 scrolls of amnesia {unknown}
 e - 2 scrolls of teleportation
 f - 2 scrolls of magic mapping
 l - 3 scrolls of enchant armour {unknown}
Books
 a - a book of Conjurations

   Spells                             Type                      Level
   a - Magic Dart                     Conjuration                  1
   b - Searing Ray                    Conjuration                  2
   c - Dazzling Spray                 Conjuration/Hexes            3
   d - Fulminant Prism                Conjuration/Hexes            4
   e - Force Lance                    Conjuration/Translocation    4
   f - Iskenderun's Mystic Blast      Conjuration                  4
Comestibles
 b - 7 rations


   Skills:
 - Level 2.0 Dodging
 - Level 2.6 Stealth
 - Level 5.1 Spellcasting
 + Level 4.0 Conjurations


You had 4 spell levels left.
You knew the following spells:

 Your Spells              Type           Power        Failure   Level  Hunger
a - Magic Dart            Conj           ###.         2%          1    None
b - Searing Ray           Conj           ###...       3%          2    #......
c - Dazzling Spray        Conj/Hex       ##....       17%         3    ##.....
d - Fulminant Prism       Conj/Hex       ##........   50%         4    ####...


Dungeon Overview and Level Annotations

Branches:
Dungeon (3/15)

Altars:
Fedhas
Gozag
Zin
The Shining One

Annotations:
D:3 exclusion: oklob plant, Grinder


Innate Abilities, Weirdness & Mutations

You cannot wear most types of armour.
You are very stealthy in the water. (Stealth+)
You are amphibious.
You can wear up to eight rings at the same time.
You can use your tentacles to constrict eight enemies at once.
Your skin changes colour to match your surroundings (Stealth+).
Your rubbery body absorbs attacks. (AC +1, EV +1)


Message History

Grinder gestures at you. Pain shoots through your body!
The searing ray hits Grinder.
Grinder is severely wounded.
You constrict Grinder. Grinder barely misses you.
The searing ray hits Grinder.
Grinder is almost dead.
You finish channeling your searing ray.
You constrict Grinder. Grinder gestures at you.
You suddenly lose the ability to move!
You lose your grip on Grinder.
Grinder hits you.
* * * LOW HITPOINT WARNING * * *
You writhe in agony.
* * * LOW HITPOINT WARNING * * *
Grinder barely misses you. Grinder hits you.
* * * LOW HITPOINT WARNING * * *
Grinder gestures at you. Pain shoots through your body!
You die...

#.# #.###.##########()##
#.##### #.........######..##
#.....# #.#.....#.#.......##
#####.## #...........####.###
#...# #.#.....#.######.#..
###...### #................#.#
###.......#
#.....#.#.#####>.#.#
..........# #..5..#...## #.....
###.......# #..@..#....##
#..... #
###....#####.........#.###.#...
# #..........>.#....###.##.....
# ####.########..###.##
##.###... # #....# ###..##.##
##(....# # #.#### #....###.##
##.###### ###.# #..###
##.###.## #
....#########<.#######[#.## #
######..................## #


You could see Grinder.

Vanquished Creatures
  A scorpion (D:2)
  Jessica (D:3)
  2 adders (D:2)
  2 oozes (D:2)
  A worm (D:3)
  2 leopard geckos (D:2)
  2 ball pythons (D:1)
  11 bats
  2 giant cockroaches
  9 goblins
  12 hobgoblins
  10 kobolds
  A frilled lizard (D:2)
  8 rats
64 creatures vanquished.

Vanquished Creatures (others)
  18 toadstools (D:3)
18 creatures vanquished.

Grand Total: 82 creatures vanquished

Notes
Turn   | Place    | Note
-------+----------+-------------------------------------------
     0 | D:1      | poirepourri the Octopode Conjurer began the quest for the Orb.
     0 | D:1      | Reached XP level 1. HP: 11/11 MP: 3/3
   191 | D:1      | Reached XP level 2. HP: 7/17 MP: 1/5
   401 | D:1      | Found a glowing golden altar of the Shining One.
   697 | D:1      | Reached skill level 3 in Spellcasting
   954 | D:1      | Reached XP level 3. HP: 16/21 MP: 2/7
  1015 | D:1      | Learned a level 2 spell: Searing Ray
  1019 | D:1      | Learned a level 3 spell: Dazzling Spray
  1804 | D:2      | Noticed a scorpion
  1827 | D:2      | Killed a scorpion
  1827 | D:2      | Reached skill level 4 in Spellcasting
  1827 | D:2      | Reached XP level 4. HP: 15/27 MP: 0/10
  2217 | D:2      | Reached XP level 5. HP: 31/31 MP: 6/11
  2412 | D:2      | Learned a level 4 spell: Fulminant Prism
  2465 | D:2      | Found an opulent altar of Gozag.
  2466 | D:2      | Found a glowing silver altar of Zin.
  2779 | D:3      | Noticed Grinder
  3057 | D:3      | Noticed Jessica
  3062 | D:3      | Killed Jessica
  3062 | D:3      | Reached skill level 5 in Spellcasting
  3092 | D:3      | Found a blossoming altar of Fedhas.
  3111 | D:3      | Noticed an oklob plant
  3575 | D:3      | Paralysed by Grinder for 7 turns
  3579 | D:3      | Killed from afar by Grinder

Skill      XL: |  1  2  3  4  5 |
---------------+----------------+-----
Spellcasting   | 3 4 5 |  5.1
Dodging        | |  2.0
Stealth        | |  2.6
Conjurations   | |  4.0

Action                   |  1- 3 |  4- 6 || total
-------------------------+-------+-------++-------
Melee: Unarmed           |    10 |       ||    10
       Constrict         |     3 |     3 ||     6
       Short sword       |       |    12 ||    12
       Tentacles         |       |     6 ||     6
 Cast: Magic Dart        |    59 |    69 ||   128
       Searing Ray       |     2 |     2 ||     4
  Use: Scroll            |     4 |     5 ||     9
       Potion            |     1 |       ||     1
 Stab: Sleeping          |       |     2 ||     2
  Eat: Ration            |     1 |     1 ||     2
Armor: Skin              |       |     2 ||     2
Dodge: Dodged            |    11 |    26 ||    37
